 Dungeon Crawl Stone Soup version 0.28-a0-863-g8cecda6153 (webtiles) character file.

Game seed: 11493100492280585821

63 vineage the Skirmisher (level 4, -3/29 HPs)
             Began as a Gargoyle Fighter on Nov 19, 2021.
             Slain by an iguana (10 damage)
             ... on level 3 of the Dungeon.
             The game lasted 00:01:52 (2359 turns).

vineage the Skirmisher (Gargoyle Fighter)           Turns: 2359, Time: 00:01:53

Health: -3/29      AC: 10    Str: 20    XL:     4   Next: 9%
Magic:  4/4        EV:  7    Int:  8    God:
Gold:   56         SH: 10    Dex: 10    Spells: 3/3 levels left

rFire   . . .      SeeInvis .   a - +0 flail
rCold   . . .      Faith    .   j - +2 kite shield
rNeg    + . .      Spirit   .   b - +0 scale mail
rPois   ∞          Reflect  .   (no helmet)
rElec   +          Harm     .   (no cloak)
rCorr   .          Rampage  .   (no gloves)
Will    .....                   (no boots)
Stlth   ..........              (no amulet)
HPRegen 0.09/turn               (no ring)
MPRegen 0.09/turn               (no ring)

@: no status effects
A: sickness immunity, AC +3, negative energy resistance 1, electricity
resistance, torment resistance 1, petrification resistance
a: no special abilities


You were on level 3 of the Dungeon.
You visited 1 branch of the dungeon, and saw 3 of its levels.

You collected 56 gold pieces.

Inventory:

Hand Weapons
 a - a +0 flail (weapon)
Armour
 b - a +0 scale mail (worn)
 c - a +0 buckler
 j - a +2 kite shield (worn)
Scrolls
 g - 5 scrolls of teleportation
 m - a scroll of magic mapping
Potions
 d - a potion of might
 e - 4 potions of curing
 f - a potion of mutation {unknown}
 h - a potion of attraction {unknown}
 i - a potion of heal wounds {unknown}
 k - a potion of flight {unknown}


   Skills:
 * Level 4.0 Fighting
 * Level 2.9 Maces & Flails
 + Level 3.7 Armour
 + Level 3.7 Shields


You had 3 spell levels left.
You didn't know any spells.
Your spell library contained the following spells:

 Spells                   Type           Power      Damage    Failure   Level
 Foxfire                  Conj/Fire      0%         2x1d4     99%         1
 Conjure Flame            Conj/Fire      0%         6-21      100%        3
 Inner Flame              Hex/Fire       0%         N/A       100%        3
 Flame Wave               Conj/Fire      0%         3d3       100%        4


Dungeon Overview and Level Annotations

Branches:
Dungeon (3/15)

Altars:
Sif Muna


Innate Abilities, Weirdness & Mutations

You are immune to sickness and miasma.
Your stone body is resilient. (AC +3)
You are immune to poison.
You resist negative energy. (rN+)
You are resistant to electric shocks. (rElec)
You are resistant to unholy torment.
You are immune to petrification.


Message History

The orc hits you with a +0 mace.
You sock the orc!
You kill the orc!
You block the quokka's attack.
The quokka bites you but does no damage.
You hit the quokka.
The quokka is lightly wounded.
You block the quokka's attack. The quokka closely misses you.
You hit the quokka.
The quokka is heavily wounded.
The quokka bites you but does no damage. x2
You hit the quokka.
You kill the quokka!
No target in view!
No target in view!
No target in view!
No target in view!
No target in view!
No target in view!
No target in view!
No target in view!
No target in view!
No target in view!
A kobold comes into view. It is wielding a +0 club.
A kobold is nearby!
A kobold is nearby!
The kobold shouts!
The kobold throws a stone.
You block the stone.
You see here a quokka corpse.
An iguana comes into view.
The iguana hisses angrily.
The iguana hisses menacingly.
The kobold throws a stone.
The stone hits you but does no damage. The iguana bites you.
The kobold hits you but does no damage.
You barely miss the iguana. The iguana bites you!
A hobgoblin comes into view.
The kobold hits you with a +0 club.
* * * LOW HITPOINT WARNING * * *
The iguana bites you!
You die...

,,,,,,***,********* *,,,,,****,
,,,,,,* *,* ***<,,,,,,, ***,*,*
*,* *,,,,,,,,
*,,,*,***.#############**,,,,,,,,
*,,,,,,,,............g,,,,,,,,,,,
*,,>,,,,,............,,,,,,,,,,,,
*,,,*,*,,..........#*******,****,
*,,,*,,,,.......lK.# *,* **
*,,,***,,.......@..# *,* * *****
*,,........####***##*,* *
*,,...........#*,..,*,*
*,,...........##.##,*,*
*,,.......)†.......,*,*
***########...##.#.,*,*
#...#*,#,,*,* #####...#*,*,,*,*
#.......#*,*,,*,*


You could see an iguana, a hobgoblin (wandering) and a kobold.

Vanquished Creatures
  An adder (D:2)
  A dart slug (D:2)
  An orc (D:3)
  6 ball pythons (D:1)
  4 bats
  4 endoplasms
  2 giant cockroaches (D:2)
  7 goblins
  4 hobgoblins (D:2)
  3 jackals (D:1)
  6 kobolds
  2 quokkas
  3 rats (D:1)
44 creatures vanquished.

Notes
Turn   | Place    | Note
-------+----------+-------------------------------------------
     0 | D:1      | vineage the Gargoyle Fighter began the quest for the Orb.
     0 | D:1      | Reached XP level 1. HP: 14/14 MP: 1/1
   197 | D:1      | Reached XP level 2. HP: 19/19 MP: 2/2
   466 | D:1      | Found a faded altar of an unknown god.
   885 | D:1      | Reached XP level 3. HP: 23/24 MP: 3/3
  1163 | D:2      | Found a shimmering blue altar of Sif Muna.
  2232 | D:2      | Reached skill level 4 in Fighting
  2232 | D:2      | Reached XP level 4. HP: 29/29 MP: 4/4
  2359 | D:3      | Slain by an iguana

Illustrated notes

Levels and vault maps discovered:
D:1:      dpeg_arrival_rooms_a, layout_loops_ring,
          nicolae_ecumenical_snake_handling
D:2:      layout_basic, basic_altar
D:3:      cheibrodos_pilgrimage, layout_basic, minmay_distorted

Skill      XL: |  1  2  3 |
---------------+----------+-----
Fighting       | 4 |  4.0
Maces & Flails | |  2.9
Armour         | |  3.7
Shields        | |  3.7

Action                   |  1- 3 |  4- 6 || total
-------------------------+-------+-------++-------
Melee: Flail             |   135 |    12 ||   147
  Use: Scroll            |     5 |     2 ||     7
Armor: Scale mail        |    95 |     8 ||   103
Dodge: Dodged            |    56 |     2 ||    58
Block: Buckler           |    12 |       ||    12
       Kite shield       |    35 |     9 ||    44

Table legend: (Time is in decaauts)
 A = Elapsed time spent in this place.
 B = Non-inter-level travel time spent in this place.
 C = Inter-level travel time spent in this place.
 D = Time resting spent in this place.
 E = Time spent auto-exploring this place.
 F = Levels seen in this place.
 G = Mean time per level.
                   A        B        C        D        E       F      G
               +--------+--------+--------+--------+--------+-----+--------+
         Total |   2419 |   2333 |     86 |      0 |   1956 |   3 |  806.3 |
       Dungeon |   2419 |   2333 |     86 |      0 |   1956 |   3 |  806.3 |
               +--------+--------+--------+--------+--------+-----+--------+

Top non-repeatable levels by time:
     D:1: 1201 daAuts
     D:2: 1189 daAuts
     D:3: 28 daAuts
